 Dungeon Crawl Stone Soup version 0.28.0-1-gb440e238dd (webtiles) character file.

Game seed: 1755620239962482200

57 Ablot the Grasshopper (level 4, -3/38 HPs)
             Began as a Gnoll Warper on Feb 23, 2022.
             Slain by an orc (5 damage)
             ... on level 3 of the Dungeon.
             The game lasted 00:01:59 (2223 turns).

Ablot the Grasshopper (Gnoll Warper)                Turns: 2223, Time: 00:02:00

Health: -3/38      AC:  3    Str: 12    XL:     4   Next: 0%
Magic:  11/11      EV: 12    Int: 13    God:
Gold:   89         SH:  0    Dex: 11    Spells: 11/13 levels left

rFire   . . .      SeeInvis .   a - +0 spear
rCold   . . .      Faith    .   (no shield)
rNeg    . . .      Spirit   .   b - +0 leather armour
rPois   +          Reflect  .   (no helmet)
rElec   .          Harm     .   (no cloak)
rCorr   .          Rampage  .   (no gloves)
Will    .....                   (no boots)
Stlth   +.........              (no amulet)
HPRegen 0.12/turn               k - ring of poison resistance
MPRegen 0.12/turn               (no ring)

@: no status effects
A: fangs 1, strong nose, distributed training
a: no special abilities


You were on level 3 of the Dungeon.
You visited 1 branch of the dungeon, and saw 3 of its levels.

You collected 89 gold pieces.

Inventory:

Hand Weapons
 a - a +0 spear (weapon)
 h - a +0 hand crossbow
Missiles
 d - 5 boomerangs of dispersal (quivered)
 f - 39 sling bullets
 g - 51 stones
 m - 19 bolts
 o - 19 arrows
Armour
 b - a +0 leather armour (worn)
Jewellery
 k - a ring of poison resistance (left hand)
 p - a +6 ring of dexterity
Scrolls
 c - 3 scrolls of blinking
 i - a scroll of silence {unknown}
Potions
 e - 4 potions of curing {unknown}
 j - 2 potions of haste {unknown}
 l - a potion of flight {unknown}
 n - a potion of heal wounds {unknown}


   Skills:
 + Level 4.6 Fighting
 + Level 1.0 Short Blades
 + Level 1.0 Long Blades
 + Level 1.0 Axes
 + Level 1.0 Maces & Flails
 + Level 4.6 Polearms
 + Level 1.0 Staves
 + Level 1.0 Slings
 + Level 1.0 Bows
 + Level 1.0 Crossbows
 + Level 2.7 Throwing
 + Level 2.7 Armour
 + Level 4.6 Dodging
 + Level 1.0 Stealth
 + Level 1.0 Shields
 + Level 1.0 Unarmed Combat
 + Level 5.0 Spellcasting
 + Level 0.7 Conjurations
 + Level 0.7 Hexes
 + Level 0.7 Summonings
 + Level 0.7 Necromancy
 + Level 5.4 Translocations
 + Level 0.7 Transmutations
 + Level 0.7 Fire Magic
 + Level 0.7 Ice Magic
 + Level 0.7 Air Magic
 + Level 0.7 Earth Magic
 + Level 0.7 Poison Magic
 + Level 1.1 Invocations
 + Level 1.0 Evocations


You had 11 spell levels left.
You knew the following spells:

 Your Spells              Type           Power      Damage    Failure   Level
a - Blink                 Tloc           34%        N/A       3%          2

Your spell library contained the following spells:

 Spells                   Type           Power      Damage    Failure   Level
 Gell's Gravitas          Tloc           17%        N/A       8%          3
 Lesser Beckoning         Tloc           17%        N/A       8%          3
 Teleport Other           Tloc           17%        N/A       8%          3
 Corpse Rot               Necr/Air       10%        N/A       26%         2
 Poisonous Vapours        Pois/Air       10%        N/A       26%         2
 Manifold Assault         Tloc           17%        N/A       56%         5


Dungeon Overview and Level Annotations

Branches:
Dungeon (3/15)

Altars:
Fedhas


Innate Abilities, Weirdness & Mutations

You have very sharp teeth.
Your uncanny sense of smell can sniff out nearby items.
Your experience applies equally to all skills.


Message History

The orc hits you with a +2 vampiric short sword.
You are too injured to fight recklessly!
You closely miss the orc. You bite the orc, but do no damage.
You hit the orc but do no damage.
The orc hits you with a +2 vampiric short sword.
* * * LOW HITPOINT WARNING * * *
Unknown command.
You hit the orc.
The orc is heavily wounded.
The orc barely misses you.
You hit the orc but do no damage.
The orc is heavily wounded.
The orc hits you with a +2 vampiric short sword.
* * * LOW HITPOINT WARNING * * *
The orc draws strength from your wounds!
You barely miss the orc.
The orc is moderately wounded.
A worm comes into view.
The orc barely misses you.
You hit the orc but do no damage.
The orc is moderately wounded.
The orc hits you with a +2 vampiric short sword!
* * * LOW HITPOINT WARNING * * *
You barely miss the orc.
The orc is moderately wounded.
Unknown command.
You hit the orc.
The orc is almost dead.
The orc hits you but does no damage.
You closely miss the orc. You punch the orc, but do no damage.
The orc is almost dead.
The orc barely misses you.
You hit the orc but do no damage.
The orc is almost dead.
The orc hits you with a +2 vampiric short sword.
* * * LOW HITPOINT WARNING * * *
You barely miss the orc.
The orc is almost dead.
The orc hits you with a +2 vampiric short sword.
You die...

###.## #..†<.
#.#.## .# ...
... ### #..##
#w. .. #..
#...#. ...
#.....### ###
#....o@.#
#..##.#.#
...#.#
###.#.# ..#.#
###.##
##########..#
#.......###.#
#..<....# #.#


You could see a worm and an orc.

Vanquished Creatures
  2 adders (D:2)
  A dart slug (D:1)
  5 endoplasms
  A giant cockroach (D:1)
  2 goblins
  2 hobgoblins (D:1)
  3 jackals (D:1)
  3 quokkas
  A ball python (D:1)
  4 bats
  4 frilled lizards
  3 kobolds
  4 rats
35 creatures vanquished.

Notes
Turn   | Place    | Note
-------+----------+-------------------------------------------
     0 | D:1      | Ablot the Gnoll Warper began the quest for the Orb.
     0 | D:1      | Reached XP level 1. HP: 20/20 MP: 6/6
   308 | D:1      | Reached XP level 2. HP: 21/26 MP: 7/7
   311 | D:1      | Learned a level 2 spell: Blink
   668 | D:1      | Found a faded altar of an unknown god.
   668 | D:1      | Noticed a Tzitzimitl
  1078 | D:1      | Reached XP level 3. HP: 31/31 MP: 9/9
  1201 | D:2      | Found a blossoming altar of Fedhas.
  1218 | D:2      | Reached skill level 5 in Spellcasting
  1330 | D:2      | Reached skill level 1 in Invocations
  1742 | D:2      | Reached skill level 1 in Short Blades
  1742 | D:2      | Reached skill level 1 in Long Blades
  1742 | D:2      | Reached skill level 1 in Axes
  1742 | D:2      | Reached skill level 1 in Maces & Flails
  1742 | D:2      | Reached skill level 1 in Staves
  1742 | D:2      | Reached skill level 1 in Slings
  1742 | D:2      | Reached skill level 1 in Bows
  1742 | D:2      | Reached skill level 1 in Crossbows
  1742 | D:2      | Reached skill level 1 in Stealth
  1742 | D:2      | Reached skill level 1 in Shields
  1742 | D:2      | Reached skill level 1 in Unarmed Combat
  1742 | D:2      | Reached skill level 1 in Evocations
  2206 | D:3      | Reached XP level 4. HP: 36/38 MP: 11/11
  2223 | D:3      | Slain by an orc

Illustrated notes

Levels and vault maps discovered:
D:1:      minmay_arrival_split_and_join, layout_basic,
          dreamdust_ecumenical_altar_sealed_demon, grunt_decor_clamped
D:2:      layout_rooms, basic_altar, minmay_split_cup_small
D:3:      wander_river, layout_loops_cross, minmay_distorted

Skill      XL: |  1  2  3 |
---------------+----------+-----
Spellcasting   | 5 |  5.0
Invocations    | 1 |  1.1
Short Blades   | 1 |  1.0
Long Blades    | 1 |  1.0
Axes           | 1 |  1.0
Maces & Flails | 1 |  1.0
Staves         | 1 |  1.0
Slings         | 1 |  1.0
Bows           | 1 |  1.0
Crossbows      | 1 |  1.0
Stealth        | 1 |  1.0
Shields        | 1 |  1.0
Unarmed Combat | 1 |  1.0
Evocations     | 1 |  1.0
Fighting       | |  4.6
Polearms       | |  4.6
Throwing       | |  2.7
Armour         | |  2.7
Dodging        | |  4.6
Conjurations   | |  0.7
Hexes          | |  0.7
Summonings     | |  0.7
Necromancy     | |  0.7
Translocations | |  5.4
Transmutations | |  0.7
Fire Magic     | |  0.7
Ice Magic      | |  0.7
Air Magic      | |  0.7
Earth Magic    | |  0.7
Poison Magic   | |  0.7

Action                   |  1- 3 |  4- 6 || total
-------------------------+-------+-------++-------
Melee: Spear             |   144 |    18 ||   162
       Bite              |    10 |     2 ||    12
       Punch             |     3 |     1 ||     4
 Stab: Sleeping          |     1 |       ||     1
Armor: Leather armour    |    29 |     1 ||    30
Dodge: Dodged            |    70 |     6 ||    76
